 Dungeon Crawl Stone Soup version 0.31-a0-672-g7da72447bb (webtiles) character file.

Game seed: 902783609417733729

1522506 RepHenryClay the Imperceptible (level 27, 224/224 HPs)
             Began as a Gnoll Delver on Sept 3, 2023.
             Was the Champion of Okawaru.
             Escaped with the Orb
             ... and 3 runes on Sept 4, 2023!
             The game lasted 05:00:03 (87746 turns).

RepHenryClay the Imperceptible (Gnoll Delver)      Turns: 87746, Time: 05:00:03

Health: 224/224    AC: 33    Str: 17    XL:     27
Magic:  46/46      EV: 28    Int: 16    God:    Okawaru [******]
Gold:   5026       SH: 28    Dex: 31    Spells: 17/64 levels left

rFire   + + +        a - +9 eudemon blade (holy)
rCold   + + .        U - +1 kite shield {rF+}
rNeg    + + .        H - +6 pearl dragon scales
rPois   +            W - +0 hat of the Eagle {Will+}
rElec   +            e - scarf "Damnable Contraption" {+Inv, Drain rElec Str+9}
rCorr   .            r - +4 pair of gloves "Ulekim" {rF+ Str-3 Dex+3}
SInv    +            N - +1 pair of boots of the Barber Surgeon {Str-4 Int+7}
Will    +++..        G - amulet of reflection
Stlth   +++          o - ring of Asuumyih {Str-4 Dex+9 SInv}
HPRegen 0.57/turn    T - ring "Xorybuwy" {rPois rF+ rC++ rN+}
MPRegen 0.30/turn

%: reflection
@: no status effects
A: fangs 1, strong nose, distributed training, large bone plates 1, clumsy 1,
deterioration 1, screaming 1, noise suppression
0: Orb of Zot
}: 3/15 runes: decaying, serpentine, silver
a: Renounce Religion, Evoke Invisibility, Heroism, Finesse, Duel


You escaped.
You worshipped Okawaru.
Okawaru was exalted by your worship.
You visited 9 branches of the dungeon, and saw 47 of its levels.
You visited the Abyss 1 time.
You visited 1 bazaar.
You also visited: Trove, Ice Cave, Volcano and Desolation.

You collected 11206 gold pieces.
You spent 6180 gold pieces at shops.

Inventory:

Hand Weapons
 a - a +9 eudemon blade of holy wrath (weapon)
 b - a +4 quick blade of electrocution
Missiles
 h - 31 poisoned darts
 l - 2 throwing nets
 s - 8 curare-tipped darts (quivered)
 K - 6 silver javelins
 X - 13 javelins
Armour
 e - the scarf "Damnable Contraption" (worn) {+Inv, Drain rElec Str+9}
   (Okawaru gifted it to you on level 1 of the Swamp)

   Str+9:     It affects your strength (+9).
   rElec:     It insulates you from electricity.
   Drain:     It drains your maximum health when unequipped.
 r - the +4 pair of gloves "Ulekim" (worn) {rF+ Str-3 Dex+3}
   (You found it on level 3 of the Elven Halls)

   Str-3:     It affects your strength (-3).
   Dex+3:     It affects your dexterity (+3).
   rF+:       It protects you from fire.
 E - the +0 cloak of Duxky {rF+ rN+ Dex+3}
   (You found it on level 3 of the Elven Halls)

   Dex+3:     It affects your dexterity (+3).
   rF+:       It protects you from fire.
   rN+:       It protects you from negative energy.
 H - +6 pearl dragon scales (worn)
 J - the +2 buckler of Zarrud {+Blink rPois rCorr Dex-4}
   (You found it on level 3 of the Elven Halls)

   Dex-4:     It affects your dexterity (-4).
   rPois:     It protects you from poison +Blink: It lets you blink.
   rCorr:     It protects you from acid and corrosion.
 N - the +1 pair of boots of the Barber Surgeon (worn) {Str-4 Int+7}
   (You found it on level 13 of the Dungeon)

   Str-4:     It affects your strength (-4).
   Int+7:     It affects your intelligence (+7).
 Q - the +2 hat of Circular Logic {Str+6 Dex-3 Stlth+}
   (You found it in the Desolation of Salt)

   Str+6:     It affects your strength (+6).
   Dex-3:     It affects your dexterity (-3).
   Stlth+:    It makes you more stealthy.
 U - a +1 kite shield of fire resistance (worn)
 W - the +0 hat of the Eagle (worn) {Will+}
   (Okawaru gifted it to you on level 9 of the Dungeon)

   Will+:     It increases your willpower.
 Z - the +3 ring mail of the Apprentice {rC+ rN+}
   (You found it on level 10 of the Dungeon)

   rC+:       It protects you from cold.
   rN+:       It protects you from negative energy.
Jewellery
 d - the ring "Sirhe" {Str+6 Int+4 Dex+3}
   (You found it in the Desolation of Salt)

   [ring of strength]

   Str+6:     It affects your strength (+6).
   Int+4:     It affects your intelligence (+4).
   Dex+3:     It affects your dexterity (+3).
 j - an amulet of regeneration
 o - the ring of Asuumyih (left hand) {Str-4 Dex+9 SInv}
   (You bought it in a shop on level 1 of the Elven Halls)

   [ring of see invisible]

   Str-4:     It affects your strength (-4).
   Dex+9:     It affects your dexterity (+9).
   SInv:      It lets you see invisible.
 q - a ring of protection from cold
 z - the ring "Tusatt" {Will+ Int+6}
   (You found it in the Desolation of Salt)

   [ring of willpower]

   Int+6:     It affects your intelligence (+6).
   Will+:     It increases your willpower.
 A - an amulet of guardian spirit
 B - a ring of protection from fire
 C - the ring "Paeloef" {Fly rC+ Will+ rCorr Stlth-}
   (You found it on level 1 of the Realm of Zot)

   [ring of resist corrosion]

   rC+:       It protects you from cold.
   Will+:     It increases your willpower.
   Fly:       It grants you flight.
   rCorr:     It protects you from acid and corrosion.
   Stlth-:    It makes you less stealthy.
 G - an amulet of reflection (around neck)
 I - the ring of Solonwum {Will+ Dex+3}
   (You found it on level 2 of the Vaults)

   [ring of willpower]

   Dex+3:     It affects your dexterity (+3).
   Will+:     It increases your willpower.
 S - the ring of Secrets {rElec rN+ Slay+2}
   (You bought it in a shop in a bazaar)

   [ring of positive energy]

   Slay+2:    It affects your accuracy & damage with ranged weapons and melee
   (+2).
   rElec:     It insulates you from electricity.
   rN+:       It protects you from negative energy.
 T - the ring "Xorybuwy" (right hand) {rPois rF+ rC++ rN+}
   (You took it off a deep elf death mage on level 3 of the Elven Halls)

   [ring of protection from fire]

   rF+:       It protects you from fire.
   rC++:      It greatly protects you from cold.
   rPois:     It protects you from poison rN+: It protects you from negative
   energy.
Wands
 g - a wand of digging (3)
 k - a wand of roots (67)
 x - a wand of mindburst (11)
 O - a wand of acid (45)
Scrolls
 c - 5 scrolls of fog
 n - 11 scrolls of immolation
 u - 13 scrolls of blinking
 y - 9 scrolls of teleportation
 F - 5 scrolls of poison
 L - 8 scrolls of fear
Potions
 f - 6 potions of haste
 m - 12 potions of heal wounds
 p - 5 potions of brilliance
 t - 7 potions of magic
 v - 6 potions of mutation
 w - 2 potions of ambrosia
 D - 4 potions of cancellation
 M - 4 potions of enlightenment
 P - 8 potions of resistance
 R - 7 potions of might
 V - 9 potions of curing {!*}
Miscellaneous
 i - a lightning rod (4/4)
 Y - a condenser vane


   Skills:
 + Level 20.2 Fighting
 + Level 19.4 Short Blades
 + Level 19.4 Long Blades
 + Level 19.4 Axes
 + Level 19.8 Maces & Flails
 + Level 19.4 Polearms
 + Level 19.4 Staves
 + Level 19.4 Ranged Weapons
 + Level 19.4 Throwing
 + Level 19.4 Armour
 + Level 19.8 Dodging
 + Level 21.2 Stealth
 + Level 19.4 Shields
 + Level 19.4 Unarmed Combat
 + Level 19.4 Spellcasting
 + Level 16.5 Conjurations
 + Level 16.5 Hexes
 + Level 16.5 Summonings
 + Level 16.5 Necromancy
 + Level 16.5 Translocations
 + Level 16.5 Transmutations
 + Level 16.5 Fire Magic
 + Level 16.5 Ice Magic
 + Level 16.5 Air Magic
 + Level 16.5 Earth Magic
 + Level 16.5 Poison Magic
 + Level 20.9 Invocations
 + Level 19.4 Evocations
 + Level 17.9 Shapeshifting


You had 17 spell levels left.
You knew the following spells:

 Your Spells              Type           Power      Damage    Failure   Level
a - Vhi's Electric Charg  Tloc/Air       100%       N/A       1%          4
b - Momentum Strike       Conj/Tloc      100%       3d10      1%          2
c - Iskenderun's Mystic   Conj/Tloc      62%        2d13      1%          4
d - Portal Projectile     Hex/Tloc       100%       N/A       1%          3
e - Frozen Ramparts       Ice            100%       1d16      1%          3
f - Cause Fear            Hex            31%        N/A       1%          4
g - Swiftness             Air            62%        N/A       1%          3
h - Dazzling Flash        Conj/Hex       100%       N/A       1%          3
i - Mephitic Cloud        Conj/Pois/Air  62%        N/A       1%          3
j - Lesser Beckoning      Tloc           100%       N/A       1%          2
k - Freezing Cloud        Conj/Ice/Air   31%        6-21      1%          5
l - Fireball              Conj/Fire      31%        3d13      1%          5
m - Manifold Assault      Tloc           62%        N/A       1%          4
Q - Blink                 Tloc           100%       N/A       1%          2

Your spell library contained the following spells:

 Spells                   Type           Power      Damage    Failure   Level
 Apportation              Tloc           100%       N/A       0%          1
 Freeze                   Ice            100%       1d10      0%          1
 Kiss of Death            Conj/Necr      100%       2d13      0%          1
 Necrotise                Necr           100%       1d9       0%          1
 Shock                    Conj/Air       100%       1d9       0%          1
 Poisonous Vapours        Pois/Air       100%       N/A       1%          2
 Sublimation of Blood     Necr           62%        N/A       1%          2
 Hailstorm                Conj/Ice       62%        3d13      1%          3
 Ozocubu's Armour         Ice            62%        N/A       1%          3
 Stone Arrow              Conj/Erth      100%       3d13      1%          3
 Vampiric Draining        Necr           62%        2d10      1%          3
 Volatile Blastmotes      Fire/Tloc      100%       2d18      1%          3
 Airstrike                Air            31%        2d(5-21)  1%          4
 Anguish                  Hex/Necr       31%        N/A       1%          4
 Flame Wave               Conj/Fire      62%        2d14      1%          4
 Fulminant Prism          Conj/Hex       31%        3d16      1%          4
 Leda's Liquefaction      Hex/Erth       31%        N/A       1%          4
 Passage of Golubria      Tloc           62%        N/A       1%          4
 Petrify                  Tmut/Erth      62%        N/A       1%          4
 Agony                    Necr           62%        N/A       1%          5
 Alistair's Intoxication  Tmut/Pois      41%        N/A       1%          5
 Arcjolt                  Conj/Air       31%        1d41      1%          5
 Borgnjor's Vile Clutch   Necr/Erth      31%        N/A       1%          5
 Iskenderun's Battlesphe  Conj           62%        2d11      1%          5
 Lee's Rapid Deconstruct  Erth           31%        3d16*     1%          5
 Metabolic Englaciation   Hex/Ice        31%        N/A       1%          5
 Silence                  Hex/Air        31%        N/A       1%          5
 Yara's Violent Unravell  Hex/Tmut       31%        3d13      1%          5
 Conjure Ball Lightning   Conj/Air       31%        3x3d10    1%          6
 Eringya's Noxious Bog    Tmut/Pois      31%        4d6       1%          6
 Leda's Unmaking          Conj/Erth      31%        9d6       1%          6
 Enfeeble                 Hex            31%        N/A       11%         7
 Orb of Destruction       Conj           31%        9d10      11%         7
 Borgnjor's Revivificati  Necr           31%        N/A       65%         8
 Lehudib's Crystal Spear  Conj/Erth      31%        10d8      65%         8
 Maxwell's Capacitive Co  Air            31%        ∞         65%         8
 Chain Lightning          Conj/Air       31%        3d41      100%        9
 Death's Door             Necr           31%        N/A       100%        9
 Polar Vortex             Ice            31%        12d4*     100%        9
 Summon Small Mammal      Summ           Unusable   N/A       N/A         1
 Tukima's Dance           Hex            Unusable   N/A       N/A         3
 Animate Armour           Summ/Erth      Unusable   N/A       N/A         4
 Summon Ice Beast         Ice/Summ       Unusable   N/A       N/A         4
 Summon Lightning Spire   Summ/Air       Unusable   N/A       N/A         4
 Summon Forest            Summ/Tloc      Unusable   N/A       N/A         5
 Simulacrum               Ice/Necr       Unusable   N/A       N/A         6
 Haunt                    Necr/Summ      Unusable   N/A       N/A         7
 Summon Hydra             Summ           Unusable   N/A       N/A         7

Dungeon Overview and Level Annotations

Branches:
Dungeon (15/15)            Temple (0/1) D:4            Lair (5/5) D:11
  Swamp (4/4) Lair:3        Snake (4/4) Lair:2        Slime (0/5) Lair:5
    Orc (2/2) D:11            Elf (3/3) Orc:2        Vaults (5/5) D:14
  Crypt (0/3) Vaults:2     Depths (4/4) D:15            Zot (5/5) Depths:4
  IceCv (visited)         Volcano (visited)         Desolation (visited)

Altars:
Cheibriados
Dithmenos
Elyvilon
Fedhas
Gozag
Hepliaklqana
Kikubaaqudgha
Nemelex Xobeh
Okawaru
Uskayaw
Vehumet
Wu Jian
Xom
Yredelemnul
Zin
The Shining One
Lugonu

Shops:
D:3 *   D:4 :   D:12 [   D:15 ?   Orc:2 [***   Elf:1 =   Elf:2 (   Snake:3 *
Snake:4 ?([[   Vaults:2 [   Vaults:4 :

Portals:
Hell: Depths:1 Depths:2 Depths:3 Depths:4
Abyss: Depths:3
Pandemonium: Depths:1 Depths:2
Ziggurat: Depths:3

Annotations:
D:4 1 exclusion
D:12 pearl
Snake:1 1 runed translucent door, Femnodeu's ghost, adept MiBe
Snake:4 acq


Innate Abilities, Weirdness & Mutations

You have very sharp teeth.
Your uncanny sense of smell can sniff out nearby items.
Your experience applies equally to all skills.
You are partially covered in large bone plates. (SH +4)
You are clumsy. (Dex -2)
Your body sometimes deteriorates upon taking damage.
You occasionally shout uncontrollably at your foes.
You passively dampen the noise of your surroundings.


Message History

You block the Orb Guardian's attack.
You slash the Orb Guardian! Your bite misses the Orb Guardian.
The Orb Guardian is severely wounded.
The Orb Guardian hits you.
Damage: -2%(-5hp) hp: 90%(200hp)
You hit the Orb Guardian.
The Orb Guardian is severely wounded.
You block the Orb Guardian's attack.
You slice the Orb Guardian!!
You kill the Orb Guardian!
Okawaru accepts your kill.
No target in view!
What level of the Dungeon? (default 1, ? - help) Magic restored.
A demonic crawler comes into view.
Casting: Vhi's Electric Charge (safe; 1% risk of failure)
Confirm with . or Enter, or press ? or * to list all spells.
Charge where?
Press: ? - help, Dir - move target, f - demonic crawler
Aim: a demonic crawler (95% to hit)
You charge forward with an electric crackle!
You slash the demonic crawler and electrocute it!
The demonic crawler convulses!
The demonic crawler is moderately wounded.
You slice the demonic crawler!!
The demonic crawler convulses!!
Your bite misses the demonic crawler.
The demonic crawler is almost dead.
You hit the demonic crawler.
You kill the demonic crawler!
Okawaru accepts your kill.
What level of the Dungeon? (default 1, ? - help)
You see here a demonic crawler corpse.
There is a stone staircase leading up here.
You climb upwards.
There is a stone staircase leading down here.
HP restored.
You see here a +0 club.
There is a fountain of clear blue water here.
There is a staircase leading out of the dungeon here.
You have escaped!

#).....# #.####.# #.#
#.# ########### #.# #.#
#.........#
#.####.######...⌠.⌠...#
............#.........#
..####.####.#.8..)..8.#
..## #....#.#.........#
...###..#.#.#....@....#
..........#.#.........#
...####...#.#.8.....8.#
...#........#...⌠.⌠...#
.......>..###.....^...#
...#.##.### #..#####..#
...#.##.# #..#≈S≈#..#
#..#.##.# #..#≈≈≈#..#
#..#.##.# #..#≈≈≈#..#


You could see an electric eel.

Vanquished Creatures
  A pandemonium lord (Depths:2)
  An ancient lich (Vaults:5)
  2 dread liches (Zot:5)
  Mara (Depths:1)
  4 orbs of fire (Zot:5)
  Mennas (Vaults:5)
  A juggernaut (Depths:3)
  Sojobo (Vaults:2)
  6 Killer Klowns (Zot:5)
  4 curse toes
  Saint Roka (Depths:2)
  5 caustic shrikes
  8 golden dragons
  Jory (Vaults:5)
  A profane servitor (Depths:4)
  A pearl dragon (Depths:3)
  Norris (Depths:1)
  A hellephant (Depths:3)
  7 electric golems
  An Ice Fiend (Depths:4)
  5 liches
  26 Orb Guardians
  24 tentacled monstrosities
  A titan (Vaults:5)
  A walking crystal tome (Depths:4)
  3 deep elf blademasters
  10 quicksilver dragons
  A walking earthen tome (Depths:4)
  2 deep elf master archers (Elf:3)
  10 sphinxes
  7 death cobs
  2 Executioners
  9 tentacled starspawn (Abyss:5)
  Gastronok (Lair:1)
  2 thorn hunters
  13 storm dragons
  9 tengu reavers
  Kirke (Lair:3)
  4 nagarajas
  4 draconian monks
  5 fire giants
  10 shadow dragons
  A daeva (Abyss:5)
  A fire giant (shapeshifter) (Depths:3)
  21 vault wardens
  7 frost giants
  3 draconian knights (Zot:1)
  A balrug (Depths:2)
  5 draconian scorchers
  8 deep elf sorcerers
  4 iron dragons
  5 ghost moths
  2 orc warlords
  An angel (Abyss:5)
  6 draconian annihilators
  2 deep elf elementalists (Elf:3)
  A draconian stormcaller (Depths:2)
  A reaper (Depths:2)
  A cacodemon (Abyss:5)
  5 war gargoyles
  25 ironbound preservers
  24 very ugly things
  An ophan (Depths:3)
  12 stone giants
  A spriggan defender (Depths:4)
  10 ironbound thunderhulks
  A caustic shrike skeleton (Abyss:5)
  8 deep elf demonologists (Elf:3)
  4 vampire knights
  An eleionoma (Swamp:2)
  9 deep elf annihilators
  A lorocyproca (Depths:1)
  A formless jellyfish (Vaults:4)
  8 red draconians
  10 green draconians
  An apis (Depths:3)
  10 white draconians
  8 yellow draconians
  2 halazid warlocks (Desolation)
  4 bunyips
  A spark wasp (shapeshifter) (Vaults:5)
  7 purple draconians
  14 black draconians
  4 dire elephants
  5 spark wasps
  A green death (Abyss:5)
  7 ettins
  9 deep elf death magi
  A crystal guardian (Desolation)
  2 blizzard demons (Abyss:5)
  17 yaktaur captains
  5 deep elf high priests
  2 jiangshi (Depths:4)
  15 fire dragons
  3 entropy weavers
  6 ragged hierophants (Desolation)
  3 shambling mangroves
  7 servants of whispers (Desolation)
  6 great orbs of eyes
  4 rakshasas (Depths:3)
  An entropy weaver (shapeshifter) (Elf:1)
  9 ice dragons
  34 vault guards
  25 hydras
  2 hell beasts
  An ogre mage (Vaults:5)
  3 spriggan air magi
  3 ghost crabs
  3 salamander tyrants
  6 peacekeepers
  6 anacondas
  8 ironbound frosthearts
  4 caustic shrike simulacra (IceCv)
  An alligator snapping turtle (Snake:1)
  Erica (D:8)
  6 boulder beetles
  9 alligators
  6 two-headed ogres
  17 centaur warriors
  A satyr (Abyss:5)
  3 tengu warriors
  A demonic crawler (D:2)
  9 deep troll shamans
  10 hell hogs
  10 naga warriors
  11 deep troll earth magi
  5 death yaks (Lair:5)
  4 spriggan berserkers
  22 dancing weapons
  5 orc high priests
  2 vampire magi (Depths:4)
  11 shock serpents
  15 thrashing horrors (Abyss:5)
  2 titan zombies
  Sonja (D:11)
  6 naga sharpshooters
  A fire crab (Lair:3)
  5 wretched stars (Abyss:5)
  22 deep elf knights
  3 sun demons
  A soul eater (Abyss:5)
  6 sixfirhies
  8 hell knights (Depths:3)
  A shadow demon (Zot:4)
  2 skeletal warriors (D:12)
  6 iron trolls
  8 goliath frogs
  2 sea snakes (Snake:1)
  5 skysharks
  66 deep trolls
  3 spriggan druids
  10 deep elf archers
  3 glowing orange brains
  11 salamander mystics
  2 flayed ghosts (Depths:3)
  9 lindwurms
  4 naga ritualists
  10 swamp dragons
  A death drake (shapeshifter) (Vaults:5)
  8 bog bodies
  5 wizards
  2 orange crystal statues (IceCv)
  18 deep elf zephyrmancers
  9 orc knights
  A phantasmal warrior (Vaults:5)
  Pikel (D:7)
  2 necromancers
  5 mana vipers
  A golden dragon skeleton (Depths:2)
  27 deep elf pyromancers
  23 ironbound convokers
  6 orc sorcerers
  A wolf spider zombie (D:15)
  23 ugly things
  5 manticores
  6 will-o-the-wisps
  3 cyclopes
  2 worldbinders (Abyss:5)
  27 salamanders
  33 black mambas
  21 moths of wrath
  20 naga magi
  A centaur zombie (D:15)
  An elephant (shapeshifter) (Vaults:3)
  11 apocalypse crabs
  An ice statue (Snake:3)
  A shadow dragon skeleton (Depths:2)
  11 guardian serpents
  3 rust devils (Depths:1)
  20 vault sentinels
  A torpor snail (shapeshifter) (Vaults:5)
  2 molten gargoyles (Volcano)
  A centaur skeleton (D:15)
  9 cane toads
  2 gargoyles
  3 orange demons
  12 smoke demons
  5 rime drakes
  A komodo dragon (shapeshifter) (Vaults:5)
  An efreet (D:10)
  36 yaktaurs
  2 kobold demonologists
  5 komodo dragons
  6 ancient zymes
  2 freezing wraiths (IceCv)
  2 anaconda simulacra (IceCv)
  A meliai (shapeshifter) (Vaults:5)
  3 tengu conjurers
  2 golden dragon simulacra (IceCv)
  2 red devils
  5 polar bears
  5 hellwings
  18 hornets
  4 trolls
  9 tyrant leeches
  Grinder (D:3)
  4 alligator simulacra (IceCv)
  57 saltlings
  Prince Ribbit (D:8)
  17 raiju (Abyss:5)
  8 large abominations
  A blink frog (shapeshifter) (Vaults:5)
  5 dream sheep (Lair:3)
  2 snapping turtles
  2 spriggan zombies (Depths:2)
  10 blink frogs
  A slime creature (shapeshifter) (Depths:4)
  A shadow (D:9)
  23 slime creatures
  27 spriggans
  A vampire (D:13)
  A ynoxinul (Abyss:5)
  A centaur simulacrum (D:15)
  A human (Lair:3)
  Grum (D:7)
  An air elemental (Elf:1)
  2 wraiths
  A yak (shapeshifter) (D:10)
  A hog (shapeshifter) (Vaults:3)
  4 fire bats
  A water elemental (Elf:3)
  3 fire elementals
  A redback (Vaults:4)
  6 steam dragons
  4 chaos spawn
  6 hogs (Lair:3)
  5 basilisks
  54 yaks
  5 neqoxecs (Abyss:5)
  Menkaure (D:7)
  22 vampire mosquitoes
  4 wargs
  12 swamp worms
  An acid dragon (D:8)
  37 nagas
  Duvessa (D:6)
  6 hell hounds
  12 water moccasins
  4 hydra simulacra (IceCv)
  A floating eye (shapeshifter) (Depths:4)
  A sky beast (D:7)
  6 black bears
  35 orc warriors
  An ettin simulacrum (IceCv)
  3 ice beasts
  7 swamp drakes
  An ogre (D:7)
  9 centaurs
  10 boggarts
  43 wolves
  A starcursed mass (Abyss:5)
  A phantom (D:5)
  5 kobold brigands
  10 bullfrogs
  3 earth elementals
  2 gnoll sergeants
  5 scorpions
  3 small abominations (Abyss:5)
  4 wights
  Dowan (D:6)
  8 killer bees
  4 howler monkeys
  An electric eel (Snake:1)
  4 crimson imps (Abyss:5)
  8 lava snakes
  5 hounds
  8 jellies
  Crazy Yiuf (D:7)
  2 iguanas
  11 orc priests
  2 sleepcaps
  Jessica (D:3)
  24 orc wizards
  Natasha (thrice) (D:3)
  A boggart simulacrum (D:15)
  Robin (D:3)
  3 gnolls (D:7)
  10 adders
  A shadow imp (D:7)
  4 white imps (Abyss:5)
  2 ufetubi
  3 worms
  6 dart slugs
  64 orcs
  9 endoplasms
  A giant cockroach (D:1)
  17 goblins
  6 hobgoblins
  2 jackals (D:4)
  17 kobolds
  A quokka (D:4)
  11 ball pythons
  3 bats
  4 frilled lizards
  4 rats
  A lurking horror (Abyss:5)
  4 starspawn tentacles (Abyss:5)
2191 creatures vanquished.

Vanquished Creatures (others)
  Nikola (Vaults:2)
  A golden dragon (Vaults:5)
  A deep elf sorcerer (Vaults:5)
  An ironbound preserver (Vaults:5)
  A hydra (Swamp:4)
  2 alligators (Swamp:3)
  A deep elf pyromancer (Elf:1)
  A deep elf zephyrmancer (Elf:2)
  A will-o-the-wisp (Swamp:3)
  3 bloated husks
  A tyrant leech (Lair:3)
  A saltling (Desolation)
  A wyvern (Lair:3)
  A naga (Abyss:5)
  2 swamp worms (Swamp:3)
  A swamp drake (Swamp:4)
  A small abomination (Abyss:5)
  An orc (Depths:2)
  34 foxfires
  2 lurking horrors (Abyss:5)
  36 starspawn tentacles (Abyss:5)
94 creatures vanquished.

Grand Total: 2285 creatures vanquished

Notes
Turn   | Place    | Note
-------+----------+-------------------------------------------
     0 | D:5      | Reached skill level 9 in Stealth
     0 | D:5      | RepHenryClay the Gnoll Delver began the quest for the Orb.
     0 | D:5      | Reached XP level 1. HP: 23/23 MP: 1/1
     3 | D:5      | Found a white marble altar of Elyvilon.
    85 | D:5      | Found a sparkling altar of Nemelex Xobeh.
   114 | D:4      | Noticed a sleepcap
   122 | D:4      | Found Awux's Book Emporium.
   172 | D:3      | Noticed Natasha
   174 | D:3      | Noticed Robin
   222 | D:4      | Noticed a scorpion
   240 | D:4      | Killed a scorpion
   241 | D:4      | Reached skill level 1 in Short Blades
   241 | D:4      | Reached skill level 1 in Long Blades
   241 | D:4      | Reached skill level 1 in Axes
   241 | D:4      | Reached skill level 1 in Polearms
   241 | D:4      | Reached skill level 1 in Staves
   241 | D:4      | Reached skill level 1 in Ranged Weapons
   241 | D:4      | Reached skill level 1 in Throwing
   241 | D:4      | Reached skill level 1 in Armour
   241 | D:4      | Reached skill level 1 in Shields
   241 | D:4      | Reached skill level 1 in Unarmed Combat
   241 | D:4      | Reached skill level 1 in Spellcasting
   241 | D:4      | Reached skill level 1 in Invocations
   241 | D:4      | Reached skill level 1 in Evocations
   241 | D:4      | Reached skill level 1 in Shapeshifting
   241 | D:4      | Reached XP level 2. HP: 23/29 MP: 1/3
   241 | D:4      | Reached XP level 3. HP: 28/35 MP: 1/4
   241 | D:4      | Reached XP level 4. HP: 33/41 MP: 1/5
   367 | D:3      | Noticed Jessica
   380 | D:3      | Killed Jessica
   381 | D:3      | Reached skill level 1 in Conjurations
   381 | D:3      | Reached skill level 1 in Hexes
   381 | D:3      | Reached skill level 1 in Summonings
   381 | D:3      | Reached skill level 1 in Necromancy
   381 | D:3      | Reached skill level 1 in Translocations
   381 | D:3      | Reached skill level 1 in Transmutations
   381 | D:3      | Reached skill level 1 in Fire Magic
   381 | D:3      | Reached skill level 1 in Ice Magic
   381 | D:3      | Reached skill level 1 in Air Magic
   381 | D:3      | Reached skill level 1 in Earth Magic
   381 | D:3      | Reached skill level 1 in Poison Magic
   712 | D:2      | Reached XP level 5. HP: 25/47 MP: 5/7
  2106 | D:3      | Found Disakoit's General Store.
  2111 | D:3      | Bought a scroll of blinking for 90 gold pieces
  2249 | D:3      | Noticed Grinder
  2436 | D:4      | Reached XP level 6. HP: 53/53 MP: 8/8
  2492 | D:4      | Reached skill level 5 in Maces & Flails
  2492 | D:4      | Reached skill level 5 in Dodging
  2979 | D:4      | Found an iron altar of Okawaru.
  2987 | D:4      | Became a worshipper of Warmaster Okawaru
  3335 | D:4      | Found a staircase to the Ecumenical Temple.
  3411 | D:5      | Found a shimmering altar of Xom.
  3460 | D:5      | Reached XP level 7. HP: 60/60 MP: 10/10
  3498 | D:5      | Found a hazy altar of Hepliaklqana.
  3524 | D:5      | Reached * piety under Okawaru
  3618 | D:5      | Found a blossoming altar of Fedhas.
  3692 | D:5      | Reached skill level 10 in Stealth
  3782 | D:5      | Reached XP level 8. HP: 29/67 MP: 12/12
  4035 | D:5      | Reached ** piety under Okawaru
  4138 | D:5      | Found a snail-covered altar of Cheibriados.
  4447 | D:6      | Identified the +3 broad axe of Worghuusm {freeze, rF+ Str+3
                  | Int+4}
  4605 | D:6      | Noticed Dowan
  4614 | D:6      | Killed Dowan
  4620 | D:6      | Noticed Duvessa
  4637 | D:6      | Killed Duvessa
  4913 | D:6      | Found an ornate altar of the Wu Jian Council.
  5865 | D:6      | Found an ornate altar of the Wu Jian Council.
  6634 | D:7      | Noticed Pikel
  6653 | D:7      | Killed Pikel
  6653 | D:7      | Reached *** piety under Okawaru
  6654 | D:7      | Reached XP level 9. HP: 74/74 MP: 13/15
  7337 | D:7      | Found a runed translucent door.
  7338 | D:7      | Noticed Crazy Yiuf
  7349 | D:7      | Killed Crazy Yiuf
  7442 | D:7      | Reached skill level 5 in Invocations
  7532 | D:7      | Found a shadowy altar of Dithmenos.
  7669 | D:7      | Noticed Menkaure
  7675 | D:7      | Killed Menkaure
  7675 | D:7      | Reached **** piety under Okawaru
  7808 | D:7      | Found a radiant altar of Vehumet.
  7905 | D:7      | Found a radiant altar of Vehumet.
  8525 | D:7      | Found a shadowy altar of Dithmenos.
  8799 | D:8      | Noticed Grum
  8813 | D:7      | Reached XP level 10. HP: 64/80 MP: 17/17
  8832 | D:7      | Reached skill level 5 in Short Blades
  8832 | D:7      | Reached skill level 5 in Long Blades
  8832 | D:7      | Reached skill level 5 in Axes
  8832 | D:7      | Reached skill level 5 in Polearms
  8832 | D:7      | Reached skill level 5 in Staves
  8832 | D:7      | Reached skill level 5 in Ranged Weapons
  8832 | D:7      | Reached skill level 5 in Throwing
  8832 | D:7      | Reached skill level 5 in Armour
  8832 | D:7      | Reached skill level 5 in Shields
  8832 | D:7      | Reached skill level 5 in Unarmed Combat
  8832 | D:7      | Reached skill level 5 in Spellcasting
  8832 | D:7      | Reached skill level 5 in Evocations
  9029 | D:8      | Noticed Prince Ribbit
  9039 | D:8      | Killed Prince Ribbit
  9054 | D:7      | Killed Grum
  9054 | D:7      | Received a gift from Okawaru
  9388 | D:8      | Noticed Erica
  9475 | D:8      | Killed Erica
  9475 | D:8      | Reached ***** piety under Okawaru
  9476 | D:8      | Reached skill level 11 in Stealth
  9545 | D:8      | Noticed a boulder beetle
  9563 | D:7      | Reached skill level 5 in Shapeshifting
  9624 | D:8      | Killed a boulder beetle
  9624 | D:8      | Received a gift from Okawaru
  9847 | D:8      | Found an opulent altar of Gozag.
  9884 | D:8      | Found a transporter.
  9983 | D:8      | Found a transporter.
 10001 | D:8      | Found a transporter.
 10048 | D:8      | Found a transporter.
 10378 | D:3      | Killed Natasha
 10476 | D:3      | Killed Grinder
 10476 | D:3      | Received a gift from Okawaru
 10503 | D:3      | Killed Robin
 10718 | D:3      | Noticed Natasha
 10722 | D:3      | Killed Natasha
 10915 | D:3      | Noticed Natasha
 10923 | D:3      | Killed Natasha
 11118 | D:3      | Found Disakoit's General Store.
 11404 | D:9      | Noticed a two-headed ogre
 11407 | D:9      | Killed a two-headed ogre
 11408 | D:9      | Reached XP level 11. HP: 87/87 MP: 19/19
 11496 | D:9      | Noticed a boulder beetle
 11516 | D:9      | Reached skill level 5 in Conjurations
 11516 | D:9      | Reached skill level 5 in Hexes
 11516 | D:9      | Reached skill level 5 in Summonings
 11516 | D:9      | Reached skill level 5 in Necromancy
 11516 | D:9      | Reached skill level 5 in Translocations
 11516 | D:9      | Reached skill level 5 in Transmutations
 11516 | D:9      | Reached skill level 5 in Fire Magic
 11516 | D:9      | Reached skill level 5 in Ice Magic
 11516 | D:9      | Reached skill level 5 in Air Magic
 11516 | D:9      | Reached skill level 5 in Earth Magic
 11516 | D:9      | Reached skill level 5 in Poison Magic
 11527 | D:9      | Killed a boulder beetle
 11825 | D:9      | Found a basalt altar of Yredelemnul.
 11851 | D:9      | Found a hide-covered altar of Uskayaw.
 11888 | D:9      | Noticed a two-headed ogre
 11901 | D:9      | Killed a two-headed ogre
 11901 | D:9      | Identified the +0 hat of the Eagle {Will+} (Okawaru gifted
                  | it to you on level 9 of the Dungeon)
 11901 | D:9      | Received a gift from Okawaru
 12221 | D:10     | Entered Level 10 of the Dungeon
 12249 | D:10     | Identified the +3 ring mail of the Apprentice {rC+ rN+}
 12571 | D:10     | Noticed a centaur warrior
 12571 | D:10     | Noticed a manticore
 12571 | D:10     | Noticed a centaur warrior
 13463 | D:10     | Noticed a cyclops
 13483 | D:10     | Killed a cyclops
 13562 | D:10     | Noticed a centaur warrior
 13602 | D:10     | Upgraded the game from 0.31-a0-664-g902f515a81 to
                  | 0.31-a0-667-g39726597b9
 13988 | D:11     | Identified the +0 ring mail "Pepsyidd" {Rampage rF+ rC+}
 14033 | D:11     | Found a staircase to the Orcish Mines.
 14214 | D:11     | Noticed a cyclops
 14242 | D:11     | Killed a cyclops
 14389 | D:11     | Noticed Sonja
 14402 | D:11     | Killed Sonja
 14639 | D:11     | Noticed a manticore
 14644 | D:11     | Killed a manticore
 14645 | D:11     | Reached XP level 12. HP: 97/97 MP: 22/22
 14677 | D:11     | Received a gift from Okawaru
 14746 | D:11     | Found a staircase to the Lair.
 14829 | D:11     | Noticed a two-headed ogre
 14840 | D:11     | Killed a two-headed ogre
 15154 | Orc:1    | Entered Level 1 of the Orcish Mines
 15219 | Orc:1    | Found a dark tunnel.
 15338 | Volcano  | Entered a volcano
 15370 | Volcano  | Reached ****** piety under Okawaru
 15985 | Volcano  | Found a radiant altar of Vehumet.
 15985 | Volcano  | Noticed a hell hog
 16000 | Volcano  | Killed a hell hog
 16000 | Volcano  | Received a gift from Okawaru
 16001 | Volcano  | Reached skill level 12 in Stealth
 16348 | Volcano  | Noticed a fire dragon
 16364 | Volcano  | Killed a fire dragon
 16365 | Volcano  | Reached skill level 10 in Fighting
 16421 | Orc:1    | Noticed a two-headed ogre
 16426 | Orc:1    | Killed a two-headed ogre
 16561 | Orc:1    | Noticed a two-headed ogre
 16576 | Orc:1    | Killed a two-headed ogre
 16876 | Orc:1    | Received a gift from Okawaru
 17081 | Orc:2    | Entered Level 2 of the Orcish Mines
 17081 | Orc:2    | Noticed an orc warlord
 17081 | Orc:2    | Found a staircase to the Elven Halls.
 17424 | Orc:1    | Gained mutation: You are frail. (-10% HP) [a neqoxec]
 17426 | Orc:1    | Lost mutation: You are frail. (-10% HP) [potion of
                  | mutation]
 17426 | Orc:1    | Gained mutation: Your mind is acute. (Int +4, Str/Dex -1)
                  | [potion of mutation]
 17535 | D:12     | Noticed a centaur warrior
 17721 | Lair:1   | Entered Level 1 of the Lair of Beasts
 17780 | Lair:1   | Learned a level 3 spell: Dazzling Flash
 17810 | Lair:1   | Received a gift from Okawaru
 18093 | Lair:1   | Reached XP level 13. HP: 57/104 MP: 22/25
 18515 | Lair:1   | Noticed Gastronok
 18551 | Lair:1   | Killed Gastronok
 18905 | Lair:1   | Found a white marble altar of Elyvilon.
 19386 | Lair:2   | Received a gift from Okawaru
 20137 | Lair:2   | Found a staircase to the Snake Pit.
 20161 | Lair:2   | Received a gift from Okawaru
 20681 | Lair:3   | Noticed Kirke
 20744 | Lair:3   | Received a gift from Okawaru
 21146 | D:4      | Bought a book of Spatial Translocations for 180 gold pieces
 21146 | D:4      | Bought a book of Winter for 340 gold pieces
 21149 | D:4      | Learned a level 2 spell: Blink
 21152 | D:4      | Learned a level 2 spell: Momentum Strike
 21152 | D:4      | Bought a book of Weapons for 260 gold pieces
 21157 | D:4      | Learned a level 4 spell: Iskenderun's Mystic Blast
 21161 | D:4      | Learned a level 3 spell: Portal Projectile
 22611 | Lair:3   | Killed Kirke
 22612 | Lair:3   | Reached skill level 10 in Maces & Flails
 22612 | Lair:3   | Reached skill level 10 in Dodging
 22697 | Lair:3   | Identified the +1 scale mail of Proximity {Rampage Will+
                  | Int-4} (Okawaru gifted it to you on level 3 of the Lair of
                  | Beasts)
 22697 | Lair:3   | Received a gift from Okawaru
 22832 | Lair:3   | Found a staircase to the Swamp.
 23647 | Lair:4   | Reached XP level 14. HP: 113/113 MP: 20/26
 23853 | Lair:4   | Learned a level 3 spell: Frozen Ramparts
 23858 | Lair:4   | Learned a level 4 spell: Cause Fear
 23965 | Lair:4   | Reached skill level 13 in Stealth
 23968 | Lair:4   | Identified the +8 trident of the Stopping Pill Bug
                  | {distort, rPois rCorr Str+8 Stlth-}
 24440 | Lair:5   | Entered Level 5 of the Lair of Beasts
 24499 | Lair:4   | Reached skill level 10 in Invocations
 25453 | Lair:5   | Found a staircase to the Slime Pits.
 25861 | Lair:5   | Received a gift from Okawaru
 26089 | Lair:5   | Got Sutamero's Atlas of Thunder
 26103 | Lair:5   | Learned a level 3 spell: Swiftness
 26151 | Lair:5   | Learned a level 4 spell: Vhi's Electric Charge
 26581 | Lair:5   | Received a gift from Okawaru
 27297 | D:10     | Received a gift from Okawaru
 27827 | D:12     | Found Keadiopuck's Antique Armour Emporium.
 28153 | D:12     | Received a gift from Okawaru
 28158 | D:12     | Reached XP level 15. HP: 98/120 MP: 28/28
 28462 | D:12     | Reached skill level 10 in Short Blades
 28462 | D:12     | Reached skill level 10 in Long Blades
 28462 | D:12     | Reached skill level 10 in Axes
 28462 | D:12     | Reached skill level 10 in Polearms
 28462 | D:12     | Reached skill level 10 in Staves
 28462 | D:12     | Reached skill level 10 in Ranged Weapons
 28462 | D:12     | Reached skill level 10 in Throwing
 28462 | D:12     | Reached skill level 10 in Armour
 28462 | D:12     | Reached skill level 10 in Shields
 28462 | D:12     | Reached skill level 10 in Unarmed Combat
 28462 | D:12     | Reached skill level 10 in Spellcasting
 28462 | D:12     | Reached skill level 10 in Evocations
 28561 | D:12     | Identified the +8 chain mail of Dosuefu {Regen+}
 29090 | D:13     | Identified the +1 pair of boots of the Barber Surgeon
                  | {Str-4 Int+7}
 29493 | D:13     | Learned a level 3 spell: Mephitic Cloud
 29918 | D:14     | Identified the +10 dagger "Qishogg" {venom, rF+ rN++ Int+4}
 30007 | D:14     | Found a gate to the Vaults.
 30027 | D:14     | Identified the +6 scale mail of Resonance {rElec rPois
                  | rCorr Dex-2}
 30410 | D:14     | Received a gift from Okawaru
 30989 | D:15     | Entered Level 15 of the Dungeon
 31454 | D:15     | Reached skill level 14 in Stealth
 31544 | D:15     | Found Vitiopp's Magic Scroll Emporium.
 31550 | D:15     | Bought a scroll of identify for 34 gold pieces
 31550 | D:15     | Bought a scroll of identify for 34 gold pieces
 31550 | D:15     | Bought a scroll of identify for 34 gold pieces
 31675 | D:15     | Found a staircase to the Depths.
 31687 | D:15     | Received a gift from Okawaru
 32280 | Orc:1    | Reached XP level 16. HP: 129/129 MP: 30/30
 32675 | Orc:2    | Found Niruif's Armour Boutique.
 32701 | Orc:2    | Received a gift from Okawaru
 32714 | Orc:2    | Reached skill level 10 in Shapeshifting
 32720 | Orc:2    | Found Iqishuek's Assorted Antiques.
 32720 | Orc:2    | Found Acloh's General Store.
 33142 | Orc:2    | Found Xeucem's Assorted Antiques.
 33166 | Orc:2    | Bought a scroll of identify for 32 gold pieces
 33348 | Snake:1  | Entered Level 1 of the Snake Pit
 33358 | Snake:1  | Found an iron altar of Okawaru.
 33484 | Snake:1  | Identified the +1 hat "Ficy" {Stlth+} (Okawaru gifted it to
                  | you on level 1 of the Snake Pit)
 33484 | Snake:1  | Received a gift from Okawaru
 34007 | Snake:1  | Found a runed translucent door.
 34008 | Snake:1  | Noticed Femnodeu's ghost (adept MiBe)
 34939 | Snake:2  | You fall into a shaft and drop 1 floor!
 34967 | Snake:3  | Received a gift from Okawaru
 34971 | Snake:3  | Reached XP level 17. HP: 75/136 MP: 23/32
 34972 | Snake:3  | Found a frozen archway.
 35086 | IceCv    | Entered an ice cave
 35121 | IceCv    | Received a gift from Okawaru
 35788 | Snake:3  | Received a gift from Okawaru
 36304 | Snake:3  | Reached skill level 10 in Conjurations
 36304 | Snake:3  | Reached skill level 10 in Hexes
 36304 | Snake:3  | Reached skill level 10 in Summonings
 36304 | Snake:3  | Reached skill level 10 in Necromancy
 36304 | Snake:3  | Reached skill level 10 in Translocations
 36304 | Snake:3  | Reached skill level 10 in Transmutations
 36304 | Snake:3  | Reached skill level 10 in Fire Magic
 36304 | Snake:3  | Reached skill level 10 in Ice Magic
 36304 | Snake:3  | Reached skill level 10 in Air Magic
 36304 | Snake:3  | Reached skill level 10 in Earth Magic
 36304 | Snake:3  | Reached skill level 10 in Poison Magic
 37006 | Snake:3  | Reached skill level 15 in Stealth
 37295 | Snake:3  | Found Doeqow's Assorted Antiques.
 37905 | Snake:4  | Entered Level 4 of the Snake Pit
 37967 | Snake:4  | Identified the +1 robe of the Beggar {rC- Int+3 Dex+4}
                  | (Okawaru gifted it to you on level 4 of the Snake Pit)
 37967 | Snake:4  | Received a gift from Okawaru
 38954 | Snake:4  | Reached XP level 18. HP: 83/145 MP: 25/34
 39584 | Snake:4  | Got a serpentine rune of Zot
 39846 | Snake:4  | Received a gift from Okawaru
 40027 | Snake:4  | Found Ilookk's Magic Scroll Emporium.
 40031 | Snake:4  | Found Heeretsi's Armour Shoppe.
 40031 | Snake:4  | Found Hoed's Antique Weapon Emporium.
 40036 | Snake:4  | Found Loipsur's Armour Shoppe.
 40366 | Swamp:1  | Entered Level 1 of the Swamp
 40470 | Swamp:1  | Identified the +1 ring mail of Syndicalism {Harm rPois rF-
                  | Dex-2}
 40488 | Swamp:1  | Identified the scarf "Damnable Contraption" {+Inv, Drain
                  | rElec Str+9} (Okawaru gifted it to you on level 1 of the
                  | Swamp)
 40488 | Swamp:1  | Received a gift from Okawaru
 42708 | Swamp:4  | Entered Level 4 of the Swamp
 42793 | Swamp:4  | Paralysed by a hornet for 1 turns
 43008 | Swamp:4  | Reached XP level 19. HP: 125/153 MP: 28/36
 43034 | Swamp:4  | Received a gift from Okawaru
 43169 | Swamp:4  | Identified the +6 falchion "Beetlebane" {heavy, Will+}
 43452 | Swamp:4  | Identified the +3 war axe "Kamestro" {drain, Str+3}
 43706 | Swamp:4  | Got a decaying rune of Zot
 43955 | Elf:1    | Entered Level 1 of the Elven Halls
 43975 | Elf:1    | Found a radiant altar of Vehumet.
 43981 | Elf:1    | Reached skill level 16 in Stealth
 44025 | Elf:1    | Received a gift from Okawaru
 44034 | Elf:1    | Learned a level 2 spell: Lesser Beckoning
 44040 | Elf:1    | Learned a level 5 spell: Freezing Cloud
 44339 | Elf:1    | Paralysed by an air elemental for 1 turns
 44453 | Elf:1    | Found Ruxelaoh's One-of-a-Kind Rings.
 44534 | Elf:1    | You fall into a shaft and drop 1 floor!
 44969 | Elf:2    | Found Buech's Firing Range.
 45038 | Elf:2    | Found a runed translucent gate.
 45039 | Elf:2    | Found a runed translucent gate.
 45039 | Elf:2    | Found a runed translucent gate.
 45300 | Elf:1    | Identified the +8 chain mail of Bux Xieh {-Cast +Blink rN+
                  | Will+} (Okawaru gifted it to you on level 1 of the Elven
                  | Halls)
 45300 | Elf:1    | Received a gift from Okawaru
 45322 | Elf:1    | Got the Omnibus of Impulse
 46144 | Elf:2    | Reached skill level 15 in Fighting
 46524 | Elf:2    | Reached XP level 20. HP: 119/162 MP: 27/37
 47207 | Elf:2    | Found Buech's Firing Range.
 47553 | Elf:3    | Entered Level 3 of the Elven Halls
 48015 | Vaults:1 | Entered Level 1 of the Vaults
 48166 | Vaults:1 | Reached skill level 15 in Invocations
 48464 | Vaults:1 | Learned a level 5 spell: Fireball
 48876 | Vaults:1 | Received a gift from Okawaru
 49509 | Vaults:1 | Found a portal to a secret trove of treasure.
 50065 | Vaults:2 | Identified the +9 scimitar "Wifoaqoj" {holy, Str+3}
                  | (Okawaru gifted it to you on level 2 of the Vaults)
 50065 | Vaults:2 | Received a gift from Okawaru
 50239 | Vaults:2 | Noticed Sojobo
 50246 | Vaults:2 | Paralysed by an air elemental for 1 turns
 50254 | Vaults:2 | Paralysed by an air elemental for 1 turns
 50347 | Vaults:2 | Killed Sojobo
 50483 | Vaults:2 | Found Cyudd's Antique Armour Boutique.
 50599 | Vaults:2 | Reached skill level 15 in Maces & Flails
 50599 | Vaults:2 | Reached skill level 15 in Dodging
 50784 | Vaults:2 | Reached XP level 21. HP: 145/169 MP: 36/39
 50801 | Abyss:4  | Cast into level 4 of the Abyss (vault warden)
 50910 | Abyss:4  | Found a corrupted altar of Lugonu.
 50955 | Abyss:5  | Reached skill level 17 in Stealth
 51030 | Abyss:5  | Gained mutation: You do not regenerate when monsters are
                  | visible. [a neqoxec]
 51048 | Abyss:5  | Found a corrupted altar of Lugonu.
 51050 | Abyss:5  | Lost mutation: You do not regenerate when monsters are
                  | visible. [potion of mutation]
 51050 | Abyss:5  | Lost mutation: Your mind is acute. (Int +4, Str/Dex -1)
                  | [potion of mutation]
 51050 | Abyss:5  | Gained mutation: You passively dampen the noise of your
                  | surroundings. [potion of mutation]
 51050 | Abyss:5  | Gained mutation: You are partially covered in large bone
                  | plates. (SH +4) [potion of mutation]
 51122 | Abyss:5  | Received a gift from Okawaru
 51308 | Abyss:5  | Gained mutation: Your body sometimes deteriorates upon
                  | taking damage. [a neqoxec]
 52015 | Abyss:5  | Noticed a bone dragon
 52053 | Abyss:5  | Received a gift from Okawaru
 52057 | Abyss:5  | Banished a bone dragon
 52148 | Abyss:5  | Noticed a bone dragon
 52207 | Abyss:5  | Identified the +0 tower shield "Neila" {Str+2 Int+2 Dex+2}
 52226 | Abyss:5  | Received a gift from Okawaru
 52292 | Abyss:5  | Noticed a bone dragon
 52322 | Vaults:2 | Escaped the Abyss
 52338 | Vaults:2 | Reached skill level 15 in Short Blades
 52338 | Vaults:2 | Reached skill level 15 in Long Blades
 52338 | Vaults:2 | Reached skill level 15 in Axes
 52338 | Vaults:2 | Reached skill level 15 in Polearms
 52338 | Vaults:2 | Reached skill level 15 in Staves
 52338 | Vaults:2 | Reached skill level 15 in Ranged Weapons
 52338 | Vaults:2 | Reached skill level 15 in Throwing
 52338 | Vaults:2 | Reached skill level 15 in Armour
 52338 | Vaults:2 | Reached skill level 15 in Shields
 52338 | Vaults:2 | Reached skill level 15 in Unarmed Combat
 52338 | Vaults:2 | Reached skill level 15 in Spellcasting
 52338 | Vaults:2 | Reached skill level 15 in Evocations
 52465 | Vaults:2 | Identified the ring of Solonwum {Will+ Dex+3}
 52491 | Vaults:2 | Noticed Nikola
 52531 | Vaults:2 | Killed Nikola
 52818 | Vaults:2 | Reached XP level 22. HP: 146/178 MP: 41/41
 52855 | Vaults:2 | Paralysed by a sphinx for 5 turns
 53001 | Vaults:3 | Found a crumbling gateway.
 53008 | Desolati | Entered the Desolation of Salt
 53148 | Desolati | Identified the amulet "Piewk" {Spirit Int+4 Dex-4 Stlth+}
 53229 | Desolati | Identified the ring "Sirhe" {Str+6 Int+4 Dex+3}
 53230 | Desolati | Identified the ring "Jiangatogh" {Fire rCorr Stlth+}
 53237 | Desolati | Identified the +5 quarterstaff "Beemush" {freeze, +Blink
                  | Will+ Str+3 Int+2}
 53275 | Desolati | Identified the +0 scale mail "Plog" {rN+}
 53278 | Desolati | Identified the ring of Nuonteyh {Fire Will+ Int+3}
 53373 | Desolati | Identified the +0 pair of gloves of Fae Lucidity {rPois
                  | Dex+3 Stlth+} (Okawaru gifted it to you in the Desolation
                  | of Salt)
 53373 | Desolati | Received a gift from Okawaru
 53408 | Desolati | Identified the ring "Tusatt" {Will+ Int+6}
 53499 | Desolati | Identified the +10 spear of Excruciating Pain {flame, Str-5
                  | Int+5 SInv Stlth+}
 53742 | Desolati | Identified the +2 hat of Circular Logic {Str+6 Dex-3
                  | Stlth+}
 54137 | Desolati | Identified the +1 arbalest "Gorronk" {speed, rF+ rCorr
                  | Int+3}
 54952 | Vaults:2 | Found a staircase to the Crypt.
 54952 | Vaults:2 | Found a basalt altar of Yredelemnul.
 54953 | Vaults:2 | Found an ancient bone altar of Kikubaaqudgha.
 55153 | D:12     | Bought pearl dragon scales for 3000 gold pieces
 55932 | Vaults:3 | Identified the +0 helmet "Avuwoh" {rC+} (Okawaru gifted it
                  | to you on level 3 of the Vaults)
 55932 | Vaults:3 | Received a gift from Okawaru
 56049 | Vaults:3 | Reached skill level 18 in Stealth
 56346 | Vaults:3 | Reached XP level 23. HP: 186/186 MP: 42/42
 56948 | Vaults:4 | Found Xoul's Book Boutique.
 57600 | Vaults:4 | Got the Enchiridion on Cadavers
 58029 | Vaults:4 | Received a gift from Okawaru
 58721 | Elf:3    | Learned a level 4 spell: Manifold Assault
 59419 | Elf:3    | Received a gift from Okawaru
 59724 | Elf:3    | Identified the ring "Xorybuwy" {rPois rF+ rC++ rN+}
 59969 | Elf:3    | Identified the +1 robe of Plog {+Blink Dex-2 Archmagi}
 60258 | Elf:3    | Identified the +0 cloak of Duxky {rF+ rN+ Dex+3}
 60261 | Elf:3    | Identified the staff "Eraddel" {rElec rCorr Int+2 Air}
 60273 | Elf:3    | Identified the ring of Tiuptyxo {Ice Str-4 Int+5}
 60303 | Elf:3    | Identified the staff "Zotizim" {rElec Str+3 Air}
 60312 | Elf:3    | Identified the +2 buckler of Zarrud {+Blink rPois rCorr
                  | Dex-4}
 60574 | Elf:3    | Identified the +2 chain mail of the Accordion {Str+2}
 60578 | Elf:3    | Identified the +4 pair of gloves "Ulekim" {rF+ Str-3 Dex+3}
 60905 | Depths:1 | Entered Level 1 of the Depths
 61165 | Depths:1 | Identified the +3 pair of gloves "Liucvoca" {rElec}
                  | (Okawaru gifted it to you on level 1 of the Depths)
 61165 | Depths:1 | Received a gift from Okawaru
 61263 | Depths:1 | Noticed Norris
 61284 | Depths:1 | Killed Norris
 61286 | Depths:1 | Reached skill level 15 in Shapeshifting
 61409 | Depths:1 | Noticed Mara
 61410 | Depths:1 | Identified the +1 scale mail of the Loofah {rN+ rCorr
                  | Str+2}
 61415 | Depths:1 | Found a gateway to Hell.
 61416 | Depths:1 | Killed Mara
 61734 | Depths:1 | Reached XP level 24. HP: 195/195 MP: 43/43
 61949 | Depths:1 | Found a one-way gate leading to the halls of Pandemonium.
 62111 | Depths:1 | Identified the +3 scale mail of the Blacksmith {+Inv Str+2
                  | Stlth+}
 62887 | Depths:2 | Noticed Saint Roka
 63201 | Depths:2 | Killed Saint Roka
 63201 | Depths:2 | Received a gift from Okawaru
 63299 | Depths:2 | You fall into a shaft and drop 2 floors!
 63299 | Depths:4 | Entered Level 4 of the Depths
 63673 | Depths:4 | Found a gate to the Realm of Zot.
 63954 | Depths:3 | Found a one-way gateway to a ziggurat.
 64645 | Depths:2 | Received a gift from Okawaru
 64645 | Depths:2 | Found the +3 pair of seven-league boots {Rampage+∞}
 64987 | Depths:2 | Reached skill level 19 in Stealth
 65184 | Depths:2 | Identified the +1 hand axe "Giantslayer" {drain, rElec rC+
                  | Str-3 SInv}
 65193 | Depths:2 | Got Dyipseon's Spellbook of Congealing Corpses
 65240 | Depths:2 | Got Laeg's Vademecum on the Morgue and Incineration
 65495 | Depths:3 | Found a gateway to a bazaar.
 65906 | Depths:3 | Reached XP level 25. HP: 95/204 MP: 44/44
 66155 | Depths:3 | Noticed a juggernaut
 66170 | Depths:3 | Killed a juggernaut
 66420 | Depths:3 | Identified the amulet "Wuxypho" {Faith Harm}
 66941 | Depths:3 | Identified the +3 robe of Fedhas's Reproof {+Blink MP+9}
 67133 | Depths:3 | Found a corrupted altar of Lugonu.
 67977 | Depths:3 | Found a glowing golden altar of the Shining One.
 67977 | Depths:3 | Found a white marble altar of Elyvilon.
 67977 | Depths:3 | Found a glowing silver altar of Zin.
 68079 | Depths:3 | Found a one-way gate to the infinite horrors of the Abyss.
 68835 | Depths:4 | Received a gift from Okawaru
 69797 | Depths:4 | Received a gift from Okawaru
 69940 | Depths:4 | Received a gift from Okawaru
 70369 | Depths:4 | Found a gate to the Realm of Zot.
 71551 | Snake:3  | Bought a scroll of enchant armour for 352 gold pieces
 71877 | D:3      | Bought a scroll of enchant armour for 90 gold pieces
 72227 | Snake:4  | Bought a scroll of acquirement for 624 gold pieces
 72227 | Snake:4  | Bought a scroll of teleportation for 36 gold pieces
 72227 | Snake:4  | Bought a scroll of teleportation for 36 gold pieces
 72227 | Snake:4  | Acquired 1126 gold pieces
 72558 | Vaults:5 | Entered Level 5 of the Vaults
 72560 | Vaults:5 | Noticed an ancient lich
 72600 | Vaults:5 | Reached skill level 15 in Conjurations
 72600 | Vaults:5 | Reached skill level 15 in Hexes
 72600 | Vaults:5 | Reached skill level 15 in Summonings
 72600 | Vaults:5 | Reached skill level 15 in Necromancy
 72600 | Vaults:5 | Reached skill level 15 in Translocations
 72600 | Vaults:5 | Reached skill level 15 in Transmutations
 72600 | Vaults:5 | Reached skill level 15 in Fire Magic
 72600 | Vaults:5 | Reached skill level 15 in Ice Magic
 72600 | Vaults:5 | Reached skill level 15 in Air Magic
 72600 | Vaults:5 | Reached skill level 15 in Earth Magic
 72600 | Vaults:5 | Reached skill level 15 in Poison Magic
 72643 | Vaults:5 | Reached XP level 26. HP: 91/213 MP: 10/44
 73242 | Vaults:5 | Identified the +1 morningstar of the Ornamental God {spect,
                  | Str+3}
 73341 | Vaults:5 | Killed an ancient lich
 73848 | Vaults:5 | Received a gift from Okawaru
 74638 | Vaults:5 | Noticed Mennas
 74701 | Vaults:5 | Received a gift from Okawaru
 74710 | Vaults:5 | Killed Mennas
 74879 | Vaults:5 | Noticed Jory
 74897 | Vaults:5 | Killed Jory
 75169 | Vaults:5 | Identified the +0 plate armour of Optimism {Will+} (Okawaru
                  | gifted it to you on level 5 of the Vaults)
 75169 | Vaults:5 | Received a gift from Okawaru
 75170 | Vaults:5 | Reached skill level 20 in Stealth
 75371 | Vaults:5 | Got a silver rune of Zot
 76585 | Vaults:5 | Upgraded the game from 0.31-a0-667-g39726597b9 to
                  | 0.31-a0-672-g7da72447bb
 76814 | Bazaar   | Entered a bazaar
 76814 | Bazaar   | Found Hiahaeta's Antique Weapon Shop.
 76814 | Bazaar   | Found Sofasie's Jewellery Shop.
 76814 | Bazaar   | Found Paypliz's Antique Armour Boutique.
 76814 | Bazaar   | Found Wawnuz's Antique Armour Boutique.
 76825 | Bazaar   | Bought the ring of Secrets {rElec rN+ Slay+2} for 551 gold
                  | pieces
 76916 | Zot:1    | Entered Level 1 of the Realm of Zot
 77761 | Zot:1    | Identified the ring "Paeloef" {Fly rC+ Will+ rCorr Stlth-}
 78605 | Vaults:1 | You paid a toll of 18 potions of curing to enter a treasure
                  | trove
 78606 | Trove    | Entered a treasure trove
 78703 | Vaults:1 | Reached XP level 27. HP: 222/222 MP: 45/45
 79782 | Elf:1    | Bought the ring of Asuumyih {Str-4 Dex+9 SInv} for 487 gold
                  | pieces
 80645 | Zot:2    | Received a gift from Okawaru
 81812 | Zot:2    | Identified the +0 scale mail "Agguhe" {rN+++ rCorr Str-2
                  | Dex-4}
 82004 | Zot:3    | Received a gift from Okawaru
 82579 | Zot:3    | Received a gift from Okawaru
 82853 | Zot:3    | Acquired 874 gold pieces
 83333 | Zot:4    | Identified the +5 rapier of Thoughtfulness {pain, Will+
                  | Str+4} (Okawaru gifted it to you on level 4 of the Realm of
                  | Zot)
 83333 | Zot:4    | Received a gift from Okawaru
 83752 | Zot:5    | Entered Level 5 of the Realm of Zot
 84562 | Zot:5    | Noticed a dread lich
 84602 | Zot:5    | Killed a dread lich
 84673 | Zot:5    | Received a gift from Okawaru
 84780 | Zot:5    | Noticed an orb of fire
 84789 | Zot:5    | Noticed an orb of fire
 84794 | Zot:5    | Gained mutation: You occasionally shout uncontrollably at
                  | your foes. [an orb of fire]
 84799 | Zot:5    | Killed an orb of fire
 84810 | Zot:5    | Killed an orb of fire
 84824 | Zot:5    | Received a gift from Okawaru
 85283 | Zot:5    | Noticed a dread lich
 85308 | Zot:5    | Identified the +1 falchion "Killer Klown's Foe" {distort,
                  | Str+3} (Okawaru gifted it to you on level 5 of the Realm of
                  | Zot)
 85308 | Zot:5    | Received a gift from Okawaru
 85695 | Zot:5    | Reached skill level 21 in Stealth
 85705 | Zot:5    | Killed a dread lich
 85749 | Zot:5    | Noticed an orb of fire
 85751 | Zot:5    | Noticed an orb of fire
 85756 | Zot:5    | Gained mutation: You are clumsy. (Dex -2) [an orb of fire]
 85769 | Zot:5    | Killed an orb of fire
 85785 | Zot:5    | Killed an orb of fire
 86240 | Zot:5    | Identified the +0 pair of boots of Valiance {Contam rN+
                  | Str+2} (Okawaru gifted it to you on level 5 of the Realm of
                  | Zot)
 86240 | Zot:5    | Received a gift from Okawaru
 87134 | Zot:5    | Got the Orb of Zot
 87333 | Depths:2 | Noticed Zigixyb the pandemonium lord
 87352 | Depths:2 | Killed Zigixyb the pandemonium lord
 87746 | D:$      | Escaped with the Orb!

Illustrated notes

Levels and vault maps discovered:
D:1:      arrival_aquarium_a, layout_basic
D:2:      layout_rooms, minmay_door_square
D:3:      layout_basic, serial_shops, nicolae_shop_just_a_little_nook,
          minmay_increasing_density, uniq_jessica, uniq_grinder, uniq_natasha,
          uniq_robin
D:4:      layout_loops_corners, kennysheep_okawaru_gauntlet,
          lemuel_temple_firewalk_a, serial_glass, glass_columns_a,
          glass_columns_a, serial_shops, nicolae_shop_rolling_square
D:5:      layout_rooms, kennysheep_mini, lemuel_crystal_altar, slow_altar_1,
          mainiacjoe_overflow_brackets, nemelex_diamond_rough_becter,
          lemuel_doored_altar
D:6:      layout_basic, mainiacjoe_overflow_surrounded_room,
          kennysheep_generic_room_2, uniq_duvessa
D:7:      layout_basic, nicolae_vehumet_radiance,
          nicolae_dithmenos_through_a_glass_darkly, grunt_decor_junction,
          uniq_crazy_yiuf_cottage, uniq_menkaure, uniq_pikel
D:8:      layout_cave_pools, mainiacjoe_overflow_boulevard,
          hangedman_abyss_or_decor_lesser_grid,
          nicolae_transporter_intersection, uniq_prince_ribbit1, uniq_erica,
          uniq_grum
D:9:      layout_roguey, mainiacjoe_overflow_catwalk_spiral
D:10:     minmay_the_grid_triangle_9x9_rhombus_thin_mashed
          [minmay_the_grid_triangle_9x9_empty,
          minmay_the_grid_triangle_9x9_prize_center,
          minmay_the_grid_triangle_9x9_descending_squares,
          minmay_the_grid_triangle_9x9_corrupted_corridor], layout_rooms
D:11:     layout_loops_ring, grunt_lair_entry_orc_guard_hut, uniq_sonja
D:12:     layout_stronghold, serial_shops, shop
D:13:     minmay_inside_and_out, layout_loops_ring
D:14:     layout_loops_cross, hellmonk_vaults_order_and_chaos,
          chequers_mini_garden
D:15:     grunt_enter_depths_magical_seal, layout_long_grid,
          hangedman_decor_diamond_cutter, serial_shops, shop, pond
Lair:1:   layout_chaotic_city, lemuel_centaur_altar, uniq_gastronok
Lair:2:   layout_roguey, nicolae_snake_entry_warm_welcome, serial_bayou_shore_b
Lair:3:   layout_cave_pods, minmay_swamp_entry_worms, uniq_kirke
Lair:4:   layout_cave_pods, grunt_forest_large_clearing_hut
Lair:5:   minmay_lair_end_enchanted_forest, layout_regular_city,
          nicolae_slime_entry_slimehenge, grunt_forest_large_clearings
Swamp:1:  layout_basic_swamp, nicolae_swamp_round_clearing
Swamp:2:  nicolae_swamp_decorative_isthmus, layout_falls_marsh,
          nicolae_swamp_big_swirl, swamp_pool5, nicolae_swamp_baby_hydras
Swamp:3:  layout_falls_marsh, evilmike_swamp_ruin_house_5,
          infiniplex_staircase_pool
Swamp:4:  swamp_basic_johnstein, layout_basic_swamp
Snake:1:  layout_misc_corridors, ebering_ghost_inner_flame, basic_altar,
          nicolae_snake_herptile_family_reunion, lemuel_fruit_tree,
          serial_bayou_shore_b
Snake:2:  layout_cave_shapes, nicolae_snake_salamander_jacuzzi,
          serial_bayou_shore_b
Snake:3:  layout_chambers, portal_ice_cave_entry_ice_statue_two, serial_shops,
          nicolae_shop_overgrown_old_shop
Snake:4:  johnstein_snake_rune_scales, layout_basic, minmay_shoptagon
Orc:1:    layout_caves, enter_volcano_3
Orc:2:    st_orc_elflike, layout_diamond_mine, basic_altar,
          guppyfry_library_mini
Elf:1:    eino_elf_arrival_altar, layout_geoelf_grid, minmay_elf_annihilation,
          nicolae_shop_unique_rings, hangedman_glass_teeth
Elf:2:    nicolae_elf_blades_crystal_corner, layout_gridlike,
          nicolae_shop_firing_range
Elf:3:    elf_hall_gauntlet_wide, layout_geoelf_grid, nrook_mini_backslash,
          guppyfry_elf_castle
Vaults:1: vaults_room_fours, ontoclasm_vaults_idyll, v_pattern_5,
          nicolae_vaults_network_s, nicolae_vaults_tetromino_T_1,
          hangedman_vaults_corner_blocks, ontoclasm_vaults_idyll,
          nicolae_vaults_storage_closets_1, grunt_vaults_hallway_long,
          ontoclasm_vaults_pinch, ontoclasm_vaults_eye,
          vaults_room_grunt_arrival_ludios, layout_vaults_maze_bifur,
          nicolae_trove_entry_columns
Vaults:2: nicolae_vaults_double_plus_3, vaults_mumra_minichess_inversion,
          ontoclasm_vaults_bender, nicolae_vaults_diffraction_hallways,
          vaults_room_fancy_cross, v_misc_4, vaults_dpeg_diagonal,
          hangedman_vaults_slice, ontoclasm_vaults_chip,
          nicolae_vaults_door_testing_chamber, nicolae_vaults_double_plus_1,
          layout_vaults_big_room, minmay_crypt_entry_necro_gods, serial_shops,
          shop, uniq_nikola, uniq_sojobo
Vaults:3: portal_desolation_entry_nicolae_nacl, ontoclasm_vaults_tryst,
          ontoclasm_vaults_shout, nicolae_vaults_three_branches, v_rooms_4,
          nicolae_vaults_house_2, nicolae_vaults_wrenched,
          nicolae_vaults_meiosis, nicolae_vaults_little_squares_6, v_misc_16,
          nicolae_vaults_closet_pinwheel_4, grunt_vaults_twisty,
          nicolae_vaults_double_plus_1, layout_vaults_omnicross
Vaults:4: v_misc_8, nicolae_vaults_cornered_office, v_misc_29,
          dpeg_vaults_monster_box, nicolae_vaults_spaceships,
          nicolae_vaults_trapezoid_2, nicolae_vaults_storage_room_glass,
          nicolae_vaults_diagonal_hallway_8, v_pattern_1,
          layout_vaults_omnigrid, serial_shops, nicolae_shop_crystal
Vaults:5: uniq_jory, uniq_mennas
Depths:1: layout_roguey, serial_sigils_hangedman_carve,
          grunt_pan_entry_in_and_out, hell_entry, minmay_misc_feat_enclosed,
          drop_trap, nicolae_the_louvre, uniq_mara, uniq_norris
Depths:2: gold_lair_mu, layout_gridlike, dk_noncrumbling_4,
          pf_dread_powers_of_hell, rand_demon_pan_entry_4, uniq_saint_roka
Depths:3: evilmike_diamond_2, layout_cave_pools, enter_ziggurat_a,
          grunt_hell_horde, serial_shops, bzr_entry_customers,
          abyss_entry_flame_altar, hallowed_hall
Depths:4: grunt_runaround [grunt_runaround_doors_1, grunt_runaround_doors_2,
          grunt_runaround_doors_3, grunt_runaround_doors_4,
          grunt_runaround_zot], hell_entry
Zot:1:    layout_misc_corridors
Zot:2:    gammafunk_mikee_crab_dinner, layout_onion_interference
Zot:3:    layout_gridlike
Zot:4:    layout_misc_corridors, lemuel_golem_globe
Zot:5:    layout_onion, lemuel_flame_loot_1

Skill      XL: |  1  2  3  4  5  6  7  8  9 10 11 12 13 14 15 16 17 18 19 20 21 22 23 24 25 26 27 |
---------------+----------------------------------------------------------------------------------+-----
Stealth        | 10 11 12 13 14 15 16 17 18 19 20 21 | 21.2
Short Blades   | 1 2 4 5 7 8 9 10 11 12 13 14 15 16 17 18 19 | 19.4
Long Blades    | 1 2 4 5 7 8 9 10 11 12 13 14 15 16 17 18 19 | 19.4
Axes           | 1 2 4 5 7 8 9 10 11 12 13 14 15 16 17 18 19 | 19.4
Polearms       | 1 2 4 5 7 8 9 10 11 12 13 14 15 16 17 18 19 | 19.4
Staves         | 1 2 4 5 7 8 9 10 11 12 13 14 15 16 17 18 19 | 19.4
Ranged Weapons | 1 2 4 5 7 8 9 10 11 12 13 14 15 16 17 18 19 | 19.4
Throwing       | 1 2 4 5 7 8 9 10 11 12 13 14 15 16 17 18 19 | 19.4
Armour         | 1 2 4 5 7 8 9 10 11 12 13 14 15 16 17 18 19 | 19.4
Shields        | 1 2 4 5 7 8 9 10 11 12 13 14 15 16 17 18 19 | 19.4
Unarmed Combat | 1 2 4 5 7 8 9 10 11 12 13 14 15 16 17 18 19 | 19.4
Spellcasting   | 1 2 4 5 7 8 9 10 11 12 13 14 15 16 17 18 19 | 19.4
Invocations    | 1 2 3 4 5 6 7 8 9 10 11 12 13 14 15 16 17 18 19 20 | 20.9
Evocations     | 1 2 4 5 7 8 9 10 11 12 13 14 15 16 17 18 19 | 19.4
Shapeshifting  | 1 2 3 4 5 6 7 8 9 10 11 12 13 14 15 16 17 | 17.9
Conjurations   | 1 2 3 4 5 6 7 8 9 10 11 12 13 14 15 16 | 16.5
Hexes          | 1 2 3 4 5 6 7 8 9 10 11 12 13 14 15 16 | 16.5
Summonings     | 1 2 3 4 5 6 7 8 9 10 11 12 13 14 15 16 | 16.5
Necromancy     | 1 2 3 4 5 6 7 8 9 10 11 12 13 14 15 16 | 16.5
Translocations | 1 2 3 4 5 6 7 8 9 10 11 12 13 14 15 16 | 16.5
Transmutations | 1 2 3 4 5 6 7 8 9 10 11 12 13 14 15 16 | 16.5
Fire Magic     | 1 2 3 4 5 6 7 8 9 10 11 12 13 14 15 16 | 16.5
Ice Magic      | 1 2 3 4 5 6 7 8 9 10 11 12 13 14 15 16 | 16.5
Air Magic      | 1 2 3 4 5 6 7 8 9 10 11 12 13 14 15 16 | 16.5
Earth Magic    | 1 2 3 4 5 6 7 8 9 10 11 12 13 14 15 16 | 16.5
Poison Magic   | 1 2 3 4 5 6 7 8 9 10 11 12 13 14 15 16 | 16.5
Maces & Flails | 5 6 7 8 9 10 11 12 13 14 15 16 17 18 19 | 19.8
Dodging        | 5 6 7 8 9 10 11 12 13 14 15 16 17 18 19 | 19.8
Fighting       | 7 8 9 10 11 12 13 14 15 16 17 18 19 20 | 20.2

Action                     |  1- 3 |  4- 6 |  7- 9 | 10-12 | 13-15 | 16-18 | 19-21 | 22-24 | 25-27 || total
---------------------------+-------+-------+-------+-------+-------+-------+-------+-------+-------++-------
  Melee: Mace              |    14 |   141 |       |       |       |       |       |       |       ||   155
         Bite              |     1 |    13 |    46 |   125 |   201 |   178 |   256 |   389 |   575 ||  1784
         Punch             |       |     5 |     6 |       |       |       |       |       |       ||    11
         Flail             |       |    41 |   311 |   325 |       |       |       |       |       ||   677
         Dagger            |       |     7 |    16 |       |   274 |       |       |       |       ||   297
         Short sword       |       |       |       |   408 |   319 |       |       |       |       ||   727
         Broad axe         |       |       |       |    77 |    81 |       |       |       |       ||   158
         Spear             |       |       |       |     5 |       |       |       |       |       ||     5
         Trident           |       |       |       |       |   883 |  1613 |  1856 |   485 |       ||  4837
         Eudemon blade     |       |       |       |       |       |       |       |  1373 |  2376 ||  3749
         Unarmed           |       |       |       |       |       |       |       |    96 |    18 ||   114
         Quick blade       |       |       |       |       |       |       |       |       |    96 ||    96
  Throw: Dart              |       |     4 |    29 |    29 |    69 |    36 |   102 |    90 |     2 ||   361
         Javelin           |       |       |       |       |     6 |    14 |     4 |     2 |       ||    26
   Cast: Dazzling Flash    |       |       |       |     8 |    86 |     2 |     1 |     3 |     2 ||   102
         Iskenderun's Myst |       |       |       |       |     2 |    22 |    14 |    21 |    23 ||    82
         Blink             |       |       |       |       |     1 |     8 |     4 |    11 |     8 ||    32
         Frozen Ramparts   |       |       |       |       |     4 |    21 |       |       |       ||    25
         Momentum Strike   |       |       |       |       |     2 |     3 |     1 |       |     1 ||     7
         Vhi's Electric Ch |       |       |       |       |     1 |     3 |       |    34 |   153 ||   191
         Mephitic Cloud    |       |       |       |       |     4 |    17 |    14 |     6 |    22 ||    63
         Cause Fear        |       |       |       |       |     1 |     1 |       |       |       ||     2
         Portal Projectile |       |       |       |       |       |       |     1 |       |       ||     1
         Freezing Cloud    |       |       |       |       |       |       |    28 |    44 |    45 ||   117
         Fireball          |       |       |       |       |       |       |    13 |     5 |     1 ||    19
         Lesser Beckoning  |       |       |       |       |       |       |     4 |     2 |    33 ||    39
         Manifold Assault  |       |       |       |       |       |       |       |     4 |     8 ||    12
 Invoke: Heroism           |       |       |     2 |     2 |     1 |     3 |     2 |     1 |     3 ||    14
         Finesse           |       |       |       |       |       |       |       |       |     3 ||     3
  Evoke: Wand              |       |       |     7 |    19 |     2 |     4 |     9 |     1 |     1 ||    43
         Lightning rod     |       |       |       |       |       |     4 |     4 |       |       ||     8
         Condenser vane    |       |       |       |       |       |       |       |     1 |       ||     1
    Use: Potion            |     1 |       |     3 |     5 |     1 |     3 |     9 |       |     7 ||    29
         Scroll            |       |       |     3 |    21 |     8 |    11 |     8 |    14 |    15 ||    80
   Stab: Sleeping          |       |    22 |     4 |    16 |    22 |     6 |     9 |    34 |     6 ||   119
         Distracted        |       |     1 |     1 |     2 |     6 |     3 |     2 |    12 |     3 ||    30
         Invisible         |       |       |       |     5 |    59 |     7 |       |     1 |       ||    72
         Confused          |       |       |       |       |     1 |    18 |    10 |     6 |    31 ||    66
 Armour: Leather armour    |     9 |     8 |       |       |       |       |       |       |       ||    17
         Ring mail         |       |   109 |    80 |   287 |   414 |   160 |       |       |       ||  1050
         Scale mail        |       |       |   158 |   151 |       |       |       |       |       ||   309
         Skin              |       |       |       |       |    12 |       |       |       |       ||    12
         Chain mail        |       |       |       |       |   194 |   724 |   804 |   179 |       ||  1901
         Pearl dragon scal |       |       |       |       |       |       |       |   580 |   929 ||  1509
  Dodge: Dodged            |    13 |   144 |   211 |   371 |  1064 |   912 |   729 |   813 |   879 ||  5136
  Block: Buckler           |       |       |    50 |   156 |   613 |   263 |       |       |   638 ||  1720
         Kite shield       |       |       |       |   273 |    11 |   492 |   913 |  1559 |  1183 ||  4431
         Reflection        |       |       |       |       |       |       |       |    10 |    37 ||    47

Table legend: (Time is in decaauts)
 A = Elapsed time spent in this place.
 B = Non-inter-level travel time spent in this place.
 C = Inter-level travel time spent in this place.
 D = Time resting spent in this place.
 E = Time spent auto-exploring this place.
 F = Levels seen in this place.
 G = Mean time per level.
                   A        B        C        D        E       F      G
               +--------+--------+--------+--------+--------+-----+--------+
         Total |  85244 |  76590 |   8654 |  10068 |  47521 |  54 | 1578.6 |
       Dungeon |  23554 |  19807 |   3747 |   2274 |  13683 |  15 | 1570.3 |
          Lair |   9102 |   8234 |    868 |   1185 |   5204 |   5 | 1820.4 |
         Swamp |   3504 |   3264 |    240 |    257 |   1917 |   4 |  876.0 |
     Snake Pit |   6376 |   5872 |    504 |   1445 |   2989 |   4 | 1594.0 |
  Orcish Mines |   2126 |   1792 |    334 |    304 |    860 |   2 | 1063.0 |
   Elven Halls |   6222 |   5671 |    551 |    723 |   3370 |   3 | 2074.0 |
        Vaults |  10989 |  10138 |    851 |   1098 |   6427 |   5 | 2197.8 |
        Depths |  10373 |   9323 |   1050 |   1165 |   6153 |   4 | 2593.2 |
           Zot |   8681 |   8176 |    505 |    745 |   5787 |   5 | 1736.2 |
         Abyss |   1296 |   1296 |      0 |    286 |     20 |   2 |  648.0 |
        Bazaar |     17 |     17 |      0 |      0 |     10 |   1 |   17.0 |
         Trove |     95 |     95 |      0 |      0 |     74 |   1 |   95.0 |
      Ice Cave |    654 |    654 |      0 |      0 |    419 |   1 |  654.0 |
       Volcano |   1054 |   1054 |      0 |    462 |    243 |   1 | 1054.0 |
    Desolation |   1195 |   1195 |      0 |    120 |    363 |   1 | 1195.0 |
               +--------+--------+--------+--------+--------+-----+--------+

Top non-repeatable levels by time:
Vaults:5: 3539 daAuts
Depths:4: 3349 daAuts
Depths:2: 3297 daAuts
     D:7: 3094 daAuts
   Zot:5: 2763 daAuts
  Lair:3: 2594 daAuts
   Elf:2: 2591 daAuts
Depths:3: 2554 daAuts
     D:6: 2545 daAuts
 Snake:3: 2431 daAuts
   Elf:3: 2427 daAuts
    D:11: 2392 daAuts
    D:10: 2138 daAuts
Vaults:1: 2085 daAuts
   Zot:2: 2045 daAuts
